 Dungeon Crawl Stone Soup version 0.20-a0-432-g25cc1b4 (webtiles) character file.

499 Faca the Shield-Bearer (level 7, -3/44 HPs)
             Began as a Gargoyle Fighter on Jan 2, 2017.
             Was a Follower of Okawaru.
             Slain by a mummy (4 damage)
             ... in an ossuary.
             The game lasted 00:11:51 (3681 turns).

Faca the Shield-Bearer (Gargoyle Fighter)           Turns: 3681, Time: 00:11:52

Health: -3/44      AC: 16    Str: 24    XL:     7   Next: 16%
Magic:  7/7        EV:  6    Int:  9    God:    Okawaru [*.....]
Gold:   222        SH: 11    Dex:  9    Spells: 6/6 levels left

rFire  . . .     SeeInvis +     a - +1 flail
rCold  . . .     Gourm    .     g - +0 chain mail
rNeg   + . .     Faith    .     c - +1 shield
rPois  ∞         Spirit   .     (no helmet)
rElec  +         Reflect  .     (no cloak)
rCorr  .         Harm     +     (no gloves)
MR     +....     Clarity  +     (no boots)
Stlth  ..........               m - amulet of harm
                                (no ring)
                                b - ring of see invisible

@: mighty
A: slimy green scales 1, clarity, clumsy 1, magic resistance 1, negative energy
resistance 1, electricity resistance, wild magic 1, unbreathing, petrification
resistance, rot immunity, AC +4
a: Heroism, Renounce Religion


You were in an ossuary.
You worshipped Okawaru.
Okawaru was aware of your devotion.
You were not hungry.

You visited 1 branch of the dungeon, and saw 5 of its levels.
You also visited: Ossuary.

You collected 222 gold pieces.

Inventory:

Hand Weapons
 a - a +1 flail (weapon)
Armour
 c - a +1 shield (worn)
 g - a +0 chain mail (worn)
Jewellery
 b - a ring of see invisible (left hand)
 m - an amulet of harm (around neck)
Wands
 r - a wand of clouds (4/9)
Scrolls
 l - a scroll of fog
 p - a scroll of teleportation
 q - a scroll of blinking
Potions
 d - a potion of might
 i - a potion of brilliance
 j - a potion of ambrosia {unknown}
 k - a potion of haste {unknown}
 o - 2 potions of agility
 t - a potion of cancellation
Comestibles
 f - 5 bread rations
 h - 2 meat rations
 s - a slice of pizza


   Skills:
 + Level 5.1 Fighting
 + Level 3.9 Maces & Flails
 + Level 5.1 Armour
 + Level 5.3 Shields


You had 6 spell levels left.
You didn't know any spells.

Dungeon Overview and Level Annotations

Branches:
Dungeon (5/15)             Temple (0/1) D:5

Altars:
Ashenzari
Cheibriados
Elyvilon
Hepliaklqana
Okawaru
Ru
Yredelemnul
The Shining One


Innate Abilities, Weirdness & Mutations

You are resistant to torment.
Your stone body is resilient. (AC +4)
You are immune to poison.
You resist negative energy. (rN+)
You are resistant to electric shocks. (rElec)
You can survive without breathing.
You are immune to petrification.
You are immune to rotting.
You are partially covered in slimy green scales. (AC +2)
You possess an exceptional clarity of mind.
You are clumsy. (Dex -2)
You are resistant to hostile enchantments. (MR+)
Your spells are a little harder to cast, but a little more powerful.


Message History

The mummy hits you but does no damage.
You completely miss the mummy. The mummy hits you.
* * * LOW HITPOINT WARNING * * *
The hobgoblin zombie hits you but does no damage. x2
The hobgoblin zombie hits you but does no damage.
You bludgeon the hobgoblin zombie!!
You destroy the hobgoblin zombie!
Okawaru accepts your kill. The mummy hits you.
* * * LOW HITPOINT WARNING * * *
You block the hobgoblin zombie's attack.
The mummy barely misses you.
You block the hobgoblin zombie's attack.
The mummy barely misses you. The mummy hits you but does no damage.
Your shield and chain mail prevent you from hitting the mummy.
You block the hobgoblin zombie's attack.
The mummy hits you.
* * * LOW HITPOINT WARNING * * *
The mummy hits you.
You die...

...............
#..............
#........#
#......#
##....## #....#
#....# #MM..#
#.@Z.# #....#
#....# #....#
#.∩∩.# ######


You could see 2 mummies and a hobgoblin zombie.

Vanquished Creatures
  2 scorpions
  A howler monkey (D:5)
  An orc priest (D:5)
  2 orc wizards (D:5)
  A worker ant (D:5)
  A hound zombie (D:4)
  4 mummies (Ossuary)
  4 gnolls (D:4)
  5 adders
  A shadow imp (D:5)
  An ooze (D:2)
  A dart slug (D:3)
  2 leopard geckos
  9 orcs
  A ball python (D:2)
  2 giant cockroaches (D:1)
  3 gnoll zombies (Ossuary)
  7 goblins
  9 hobgoblins
  7 jackals
  3 quokkas
  7 bats
  3 frilled lizards
  A hobgoblin zombie (Ossuary)
  A jackal skeleton (D:5)
  9 kobolds
  2 kobold zombies (Ossuary)
  An orc zombie (Ossuary)
  7 rats
  A spectral orc (D:4)
99 creatures vanquished.

Vanquished Creatures (others)
  An orc (D:5)
1 creature vanquished.

Grand Total: 100 creatures vanquished

Notes
Turn   | Place    | Note
-------+----------+-------------------------------------------
     0 | D:1      | Faca the Gargoyle Fighter began the quest for the Orb.
     0 | D:1      | Reached XP level 1. HP: 14/14 MP: 1/1
    73 | D:1      | Reached XP level 2. HP: 11/19 MP: 2/2
   383 | D:1      | Gained mutation: Your spells are a little harder to cast, but a little more powerful. [potion of mutation]
   383 | D:1      | Gained mutation: You possess an exceptional clarity of mind. [potion of mutation]
   384 | D:1      | Gained mutation: You are clumsy. (Dex -2) [potion of mutation]
   384 | D:1      | Gained mutation: You are resistant to hostile enchantments. (MR+) [potion of mutation]
   384 | D:1      | Gained mutation: You are partially covered in slimy green scales. (AC +2) [potion of mutation]
   651 | D:2      | Reached XP level 3. HP: 22/23 MP: 3/3
   995 | D:2      | Reached XP level 4. HP: 29/29 MP: 4/4
  1465 | D:3      | Found a white marble altar of Elyvilon.
  1465 | D:3      | Found a shattered altar of Ashenzari.
  1502 | D:3      | Found a sacrificial altar of Ru.
  1881 | D:3      | Found an iron altar of Okawaru.
  1884 | D:3      | Became a worshipper of Warmaster Okawaru
  2013 | D:3      | Reached XP level 5. HP: 33/33 MP: 5/5
  2543 | D:4      | Found a snail-covered altar of Cheibriados.
  2877 | D:4      | Reached XP level 6. HP: 34/39 MP: 6/6
  3000 | D:4      | Found a basalt altar of Yredelemnul.
  3291 | D:4      | Found a hazy altar of Hepliaklqana.
  3362 | D:5      | Entered Level 5 of the Dungeon
  3379 | D:5      | Found a staircase to the Ecumenical Temple.
  3402 | D:5      | Reached skill level 5 in Shields
  3474 | D:5      | Found a glowing golden altar of the Shining One.
  3504 | D:5      | Reached skill level 5 in Armour
  3553 | D:5      | Reached skill level 5 in Fighting
  3553 | D:5      | Reached XP level 7. HP: 22/44 MP: 7/7
  3591 | D:5      | Found a sand-covered staircase.
  3596 | Ossuary  | Entered an ossuary
  3665 | Ossuary  | Reached * piety under Okawaru
  3681 | Ossuary  | HP: 1/44 [mummy (7)]
  3681 | Ossuary  | Slain by a mummy

Vault maps used:
D:1:      evilmike_arrival_crescent
D:2:      first_bread, grunt_decor_cap
D:3:      nicolae_ru_path_of_blood, lemuel_doored_altar,
          gammafunk_temple_overflow_elements, serial_co_window_serial,
          co_window_paths_a, co_window_of_opportunity_a, co_window_corner_a,
          co_window_cross_1, co_window_corner_a, co_window_paths_c,
          co_window_corner_b, co_window_of_opportunity_b, co_window_2corner,
          co_window_paths_d, co_window_sun, glass_columns_a, glass_columns_c,
          glass_columns_b, glass_columns_b, bh_chokoban, minmay_cut_off
D:4:      yredelemnul_forgotten_temple_becter, nicolae_overflow_crystal_walls,
          lemuel_statue_altar
D:5:      tso_oasis_becter, grunt_gozag_breadcrumbs,
          nicolae_ossuary_entry_false_entrances, nrook_loot_triangle
Ossuary:  ossuary_tomb_3

Skill      XL: |  1  2  3  4  5  6 |
---------------+-------------------+-----
Shields        | 4 5 |  5.3
Armour         | 4 5 |  5.1
Fighting       | 4 5 |  5.1
Maces & Flails | 3 |  3.9

Action                   |  1- 3 |  4- 6 |  7- 9 || total
-------------------------+-------+-------+-------++-------
Melee: Flail             |   177 |   200 |    38 ||   415
  Use: Scroll            |     7 |     6 |       ||    13
       Potion            |     2 |       |     2 ||     4
  Eat: Chunk             |     1 |       |       ||     1
       Fruit             |       |    10 |       ||    10
Armor: Scale mail        |    40 |       |       ||    40
       Chain mail        |   152 |   149 |    32 ||   333
Dodge: Dodged            |    64 |    52 |    15 ||   131
Block: Shield            |   134 |   159 |    36 ||   329
